Cogmind - Beta 14 @@@ ROGUE MODE // 2024.09.12 @ 18:24:04 Player: Lunace Result: Self-destructed Performance ------------- Evolutions (6) 3000 Regions Visited (17) 3400 Robots Destroyed (109) 545 Value Destroyed (4514) 4514 Prototype IDs (41) 820 Alien Tech Used (0) 0 Bonus (3039) 3039 TOTAL SCORE: 15318 Bonus ------- High Alert Combat Kills 535 Follower Combat Kills 40 Aligned with FarCom 300 Met Warlord at Base 500 MAIN.C Attacked Warlord 500 Warlord Defense Kills 1280 Friendly Fire -116 Cogmind --------- Core Integrity 811/1150 Matter 175/300 Energy 100/100 System Corruption 6% Temperature Cool (0) Movement Flying (30) Location -4/Factory Parts ------- > --- POWER (2) -------- (None) > --- PROPULSION (6) --- Diametric Drive > --- UTILITY (9) ------ Improved Reaction Control System Graphene Brace System Shield System Shield > --- WEAPON (2) ------- (None) > --- INVENTORY (5) ---- Quantum Reactor Quantum Capacitor Recalibrator Enhanced Quantum Rifle Peak State ------------ > --- POWER ------------ Vortex Chain Reactor > --- PROPULSION ------- Flexi-carbon Leg Flexi-carbon Leg Myomer Leg Myomer Leg Experimental Myomer Leg Experimental Myomer Leg > --- UTILITY ---------- Advanced Heat Sink Advanced Cooling System High-capacity Storage Unit 0b10 Alert Chip Improved Target Analyzer Advanced Reaction Control System Improved Medium Armor Plating Advanced Remote Shield System Mapper > --- WEAPON ----------- Heavy Plasma Cannon Heavy Plasma Cannon > --- INVENTORY -------- Flexi-carbon Leg Cryofiber Web Advanced Transmission Jammer Improved Phase Shifter Improved Light Armor Plating Thermal Barrier Improved Plasma Cutter CPS Tube Phasing Sabre [Rating: 129] Favorites ----------- Power Ion Engine Engine Ion Engine Power Core Neutrino Core Reactor Mini Fusion Reactor Propulsion Light Treads Treads Light Treads Leg Flexi-carbon Leg Wheel Armored Wheel Hover Unit Improved Hover Unit Flight Unit Diametric Drive Utility 0b10 Alert Chip Device Cryofiber Web Storage Large Storage Unit Processor 0b10 Alert Chip Hackware System Mapper Protection Improved Light Armor Plating Weapon Autogun Energy Gun Improved Heavy Laser Energy Cannon Heavy Plasma Cannon Ballistic Gun Autogun Launcher Grenade Launcher Special Weapon RU-N14's Throwing Claymores v3 Slashing Weapon Phasing Sabre Piercing Weapon Heavy Pick Build | -11 -10 -10 -10 -9 -8 -8 -8 -8 -6 -5 -5 -5 -5 -4 -4 -4 -4 ------- Run | Yrd Mat Min Exi Min Mat Sto Rec Scr Fac Fac Upp Upp War Pro Fac Was Fac Slots Evolved 12 | . . . . . 4 . . . 4 2 . . . . 2 . . Power 1 | . . . . . . . . . 1 . . . . . . . . Propulsion 4 | . . . . . 2 . . . . 2 . . . . . . . Utility 7 | . . . . . 2 . . . 3 . . . . . 2 . . Weapon . | . . . . . . . . . . . . . . . . . . Parts Attached 145 | 8 6 . . 2 10 12 2 . 17 23 5 6 27 2 13 1 11 Power 7 | 2 . . . . 1 . 1 . . 2 . . 1 . . . . Engine 4 | 2 . . . . 1 . . . . 1 . . . . . . . Core 1 | . . . . . . . . . . 1 . . . . . . . Reactor 2 | . . . . . . . 1 . . . . . 1 . . . . Propulsion 53 | 2 . . . 1 4 7 . . 7 8 . 3 14 . 3 . 4 Treads 10 | 2 . . . 1 . 7 . . . . . . . . . . . Leg 13 | . . . . . . . . . . . . . 10 . 3 . . Wheel 4 | . . . . . 4 . . . . . . . . . . . . Hover 19 | . . . . . . . . . 7 8 . 2 2 . . . . Flight 7 | . . . . . . . . . . . . 1 2 . . . 4 Utility 47 | 2 3 . . . 3 . 1 . 7 9 2 3 4 1 5 . 7 Device 21 | 1 . . . . 1 . . . 3 2 . 3 3 . 3 . 5 Storage 5 | 1 1 . . . . . . . 1 1 . . . 1 . . . Processor 4 | . . . . . 1 . . . 1 . 2 . . . . . . Hackware 6 | . . . . . . . . . 2 1 . . 1 . . . 2 Protection 11 | . 2 . . . 1 . 1 . . 5 . . . . 2 . . Artifact . | . . . . . . . . . . . . . . . . . . Weapon 38 | 2 3 . . 1 2 5 . . 3 4 3 . 8 1 5 1 . Energy Gun 4 | 1 . . . . . 2 . . 1 . . . . . . . . Energy Cannon 13 | . . . . . 2 1 . . 1 3 . . 2 . 4 . . Ballistic Gun 3 | 1 2 . . . . . . . . . . . . . . . . Ballistic Cannon . | . . . . . . . . . . . . . . . . . . Launcher 7 | . 1 . . 1 . 2 . . . 1 2 . . . . . . Special Weapon 8 | . . . . . . . . . 1 . . . 5 1 1 . . Impact Weapon . | . . . . . . . . . . . . . . . . . . Slashing Weapon 2 | . . . . . . . . . . . . . 1 . . 1 . Piercing Weapon 1 | . . . . . . . . . . . 1 . . . . . . Special Melee Weapon . | . . . . . . . . . . . . . . . . . . Unidentified Prototypes 16 | . . . . . . 1 1 . 1 2 . . 9 . 1 . 1 Parts Lost 25 | . . . . . 1 . . . 2 . 7 5 1 . 3 6 . Power 2 | . . . . . . . . . . . 1 . . . 1 . . Propulsion 10 | . . . . . . . . . 1 . 3 3 1 . . 2 . Utility 7 | . . . . . 1 . . . . . 1 1 . . 2 2 . Weapon 6 | . . . . . . . . . 1 . 2 1 . . . 2 . Highest Loss Streak 6 | . . . . . 1 . . . 2 . 4 5 1 . 3 6 . To Critical Strikes 1 | . . . . . . . . . . . . . . . 1 . . Average Slot Usage (%) 88 | . 100 100 100 100 84 95 100 100 84 93 72 42 66 93 92 48 20 Engine 5 | . 14 14 14 14 9 9 8 . . 1 . . 6 . . . . Reactor 2 | . . . . . . . . 9 6 5 4 . 1 5 4 . . Treads 14 | . 28 28 28 28 13 18 36 36 . . . . . . . . . Leg 5 | . . . . . . . . . . . . . 6 35 31 16 . Hover 5 | . . . . . . . . . 25 28 17 3 7 . . . . Device 9 | . 7 . . . 8 9 9 9 12 15 7 5 11 18 21 9 9 Storage 7 | . 14 14 14 14 9 9 9 9 6 5 3 . . 4 5 3 . Processor 7 | . . . . . 8 9 9 9 7 11 16 23 21 11 10 8 . Hackware 1 | . . . . . . . . . 9 1 1 . 1 5 5 3 5 Protection 6 | . 6 14 14 14 8 9 9 9 6 4 3 . . . 3 . . Energy Gun 1 | . . . . . . 2 9 9 . . . . 3 . . . . Energy Cannon 3 | . . . . . 16 10 . . 5 10 6 . . . 5 6 . Ballistic Gun 6 | . 19 28 28 24 . . . . . . . . . . . . . Launcher 3 | . 8 . . 3 . 2 9 9 . . 1 . . . . . . Peak Build Rating 129 | 7 12 12 13 13 25 34 41 42 55 94 92 42 125 125 129 99 41 Average Rating 48 | 5 9 12 12 12 19 27 33 41 45 86 69 34 64 121 123 61 27 On Entrance 41 | . 7 12 12 13 12 25 33 41 42 55 92 24 27 125 120 96 8 Naked Turns . | . . . . . . . . . . . . . . . . . . Heaviest Build 117 | 14 38 38 38 38 40 40 40 40 29 57 56 4 62 101 117 66 6 Greatest Support 140 | 40 40 40 40 40 48 86 86 86 36 63 63 16 135 135 140 75 7 Greatest Overweight (x) 4 | 2 . . . . 3 3 . . 1 . 4 . 1 . 1 3 . Average Overweight (x) . | . . . . . . . . . . . . . . . . . . Largest Inventory Capacity 20 | 8 15 15 15 15 15 15 15 15 15 10 10 5 5 20 20 20 5 Average Capacity 12 | 7 13 15 15 15 15 15 15 15 8 9 8 5 5 17 20 14 5 Most Carried 15 | 2 15 15 15 15 15 13 14 15 15 10 9 5 5 6 10 13 5 Average Carried 9 | 1 10 15 15 14 9 12 13 14 5 8 7 4 4 5 7 8 4 Final Capacity 20 | 8 15 15 15 15 15 15 15 15 8 10 5 5 5 20 20 5 5 Final Carried 15 | 2 15 15 15 15 12 13 14 15 8 9 5 4 5 5 9 4 5 Class Distribution -------------------- 66% | Mutant 17% | Scavenger-Mutant 8% | Hacker-Mutant 3% | Commander-Mutant Dominant Class ---------------- Mutant | -10/Materials Mutant | -10/Mines Mutant | -10/Exiles Mutant | -9/Mines Mutant | -8/Materials Mutant | -8/Storage Commander-Mutant | -8/Recycling Mutant | -8/Scraptown Hacker-Mutant | -6/Factory Mutant | -5/Factory Mutant | -5/Upper Caves Mutant | -5/Upper Caves Mutant | -5/Warlord Scavenger-Mutant | -4/Proximity Caves Scavenger-Mutant | -4/Factory Hacker-Mutant | -4/Waste Sprinter | -4/Factory Resources | -11 -10 -10 -10 -9 -8 -8 -8 -8 -6 -5 -5 -5 -5 -4 -4 -4 -4 ----------- Run | Yrd Mat Min Exi Min Mat Sto Rec Scr Fac Fac Upp Upp War Pro Fac Was Fac Matter Collected 2076 | 241 149 93 121 60 85 42 98 20 120 232 167 207 275 10 136 20 . Remotely . | . . . . . . . . . . . . . . . . . . Salvage Created 3589 | 52 313 21 . 40 169 78 54 . 715 501 295 . 174 144 1033 . . Parts 174 | 5 34 5 . 3 5 4 3 . 24 22 12 . 8 9 40 . . Haulers Intercepted 6 | . 2 . . . . . . . 3 1 . . . . . . . Recyclers Shooed 1 | 1 . . . . . . . . . . . . . . . . . Parts Field Recycled . | . . . . . . . . . . . . . . . . . . Retrieved Matter . | . . . . . . . . . . . . . . . . . . Parts Self-Destructed 19 | . . . . . . . . . . . 12 . . 7 . . . Prevented . | . . . . . . . . . . . . . . . . . . Kills | -11 -10 -10 -10 -9 -8 -8 -8 -8 -6 -5 -5 -5 -5 -4 -4 -4 -4 ------- Run | Yrd Mat Min Exi Min Mat Sto Rec Scr Fac Fac Upp Upp War Pro Fac Was Fac Combat Hostiles Destroyed 69 | . 10 2 . 4 3 1 . . 3 4 8 . 10 7 17 . . Melee 4 | . . . . . . . . . . . 2 . . . 2 . . Guns 4 | . 2 2 . . . . . . . . . . . . . . . Cannons 21 | . . . . . 3 . . . 3 3 2 . . 2 8 . . AOE 36 | . 8 . . 4 . 1 . . . . 4 . 10 5 4 . . Classes Destroyed 18 | 1 6 . . . 1 1 1 . 2 . 2 . 2 2 . . . Worker 11 | . 5 . . . . . . . . 3 . . . . 3 . . Builder 4 | . 2 . . . . . . . 1 . . . . . 1 . . Tunneler 3 | 2 1 . . . . . . . . . . . . . . . . Hauler 6 | . 2 . . . . . . . 3 1 . . . . . . . Recycler 2 | . . . . . . . 1 . 1 . . . . . . . . Mechanic 1 | . . . . . . 1 . . . . . . . . . . . Operator 1 | . . . . . . . . . 1 . . . . . . . . Watcher 10 | . 3 . . . . . . . 2 4 . . . . 1 . . Swarmer 16 | . 6 2 . 4 . . . . . . 4 . . . . . . Grunt 19 | . 4 . . 1 2 1 . . . 3 . . 4 . 4 . . Duelist 1 | . . . . . . . . . . . 1 . . . . . . Protector 1 | . . . . . . . . . . . . . 1 . . . . Sentry 5 | . . . . . 1 . . . 1 1 1 . . . 1 . . Hunter 11 | . . . . . . . . . . . 2 . 2 . 7 . . Programmer 10 | . . . . . . . . . 2 . . . 2 1 5 . . Striker 1 | . . . . . . . . . . . . . 1 . . . . Thug 2 | . . . . . . . . . . . . . . 2 . . . Savage 1 | . . . . . . . . . . . . . . 1 . . . Butcher 3 | . . . . . . . . . . . . . . 3 . . . Mutant 1 | . . . . . . . . . . . . . . 1 . . . Best Kill Streak 12 | 2 12 2 . 4 2 1 1 . 3 5 4 . 10 6 5 . . Combat Bots Only 10 | . 3 2 . 4 2 1 . . 1 2 4 . 10 6 3 . . Max Kills in Single Turn 8 | 1 8 1 . 4 1 1 1 . 1 1 2 . 5 3 2 . . Gunslinging . | . . . . . . . . . . . . . . . . . . Exploded 5 | . 2 . . 3 . 1 . . . . 2 . 5 2 1 . . Melee 1 | . . . . . . . . . . . 1 . . . 1 . . Uniques/NPCs Destroyed . | . . . . . . . . . . . . . . . . . . Combat | -11 -10 -10 -10 -9 -8 -8 -8 -8 -6 -5 -5 -5 -5 -4 -4 -4 -4 -------- Run | Yrd Mat Min Exi Min Mat Sto Rec Scr Fac Fac Upp Upp War Pro Fac Was Fac Hostile Shots Fired 482 | . 28 11 . 6 26 1 2 . 21 19 95 31 16 5 214 5 2 Missed 186 | . 10 3 . 2 5 . 1 . 8 5 24 14 5 3 104 . 2 Damage Taken 5247 | . 313 71 . 28 316 14 14 . 229 403 1428 340 172 21 1700 198 . Core 1282 | . 43 10 . . 45 . 14 . 96 136 391 188 14 6 210 129 . Absorbed by Shields 466 | . . . . . . . . . . . . . 49 5 412 . . Ignored by Resistances 68 | . . . . . . . . . . . . . 60 8 . . . Regen/Repaired (Parts) 243 | . . . . . . 96 . . 90 . . . 57 . . . . Core Remaining (%) 76 | 100 . . . 78 . . . 89 88 . . . . 26 . . . Volleys Fired 288 | 5 28 5 . 4 18 6 3 . 56 49 26 . 5 6 69 8 . Largest 2 | 2 2 2 . 1 2 2 1 . 2 2 2 . 1 1 2 1 . Hottest 196 | 60 60 46 . 30 128 128 65 . 90 196 196 . 100 . 180 90 . Shots Fired 425 | 10 31 10 . 4 36 11 3 . 57 98 44 . 5 6 102 8 . Gun 38 | 10 14 10 . . . 1 3 . . . . . . . . . . Cannon 340 | . . . . . 36 9 . . 56 98 37 . 1 . 95 8 . Launcher 29 | . 17 . . 4 . 1 . . . . 7 . . . . . . Special 18 | . . . . . . . . . 1 . . . 4 6 7 . . Kinetic 28 | 5 13 10 . . . . . . . . . . . . . . . Thermal 349 | 5 1 . . . 36 10 3 . 56 98 37 . . . 95 8 . Explosive 45 | . 17 . . 4 . 1 . . . . 6 . 4 6 7 . . Electromagnetic 1 | . . . . . . . . . . . 1 . . . . . . Entropic 1 | . . . . . . . . . . . . . 1 . . . . Robot Hit Streak 17 | 7 2 1 . 2 6 4 5 . 7 5 11 . 4 8 17 4 . Robot Miss Streak 8 | 1 3 6 . 2 4 3 1 . 3 8 4 . . 1 6 1 . Penetration Max . | . . . . . . . . . . . . . . . . . . Secondary Targets . | . . . . . . . . . . . . . . . . . . Shots Hit Robots 229 | 8 12 2 . 2 22 6 2 . 39 27 28 . 4 4 68 5 . Core Hits 168 | 3 33 2 . 5 6 5 1 . 12 12 13 . 24 17 35 . . Critical Kills 9 | . . . . . . . . . 2 3 . . . . 4 . . Critical Parts Destroyed . | . . . . . . . . . . . . . . . . . . Critical Strikes 10 | . . . . . . . 1 . 2 3 . . . . 4 . . Burn 1 | . . . . . . . 1 . . . . . . . . . . Meltdown 9 | . . . . . . . . . 2 3 . . . . 4 . . Melee Attacks 35 | . . . . . . . . . . . 14 . . 1 20 . . Impact . | . . . . . . . . . . . . . . . . . . Slashing 21 | . . . . . . . . . . . . . . 1 20 . . Piercing 14 | . . . . . . . . . . . 14 . . . . . . Sneak Attacks 1 | . . . . . . . . . . . . . . . 1 . . Combat Hostiles . | . . . . . . . . . . . . . . . . . . Follow-up Attacks . | . . . . . . . . . . . . . . . . . . Damage Inflicted 14498 | 94 1383 30 . 247 415 183 49 . 1262 969 1322 . 2771 1663 3920 190 . Guns 300 | 94 103 30 . . . 24 49 . . . . . . . . . . Cannons 5371 | . . . . . 415 75 . . 1262 969 654 . . . 1806 190 . Explosions 7407 | . 1280 . . 247 . 84 . . . . 531 . 2592 1488 1185 . . Melee 713 | . . . . . . . . . . . 137 . . . 576 . . Ramming 56 | . . . . . . . . . . . . . . . 56 . . Kinetic 170 | 37 103 30 . . . . . . . . . . . . . . . Thermal 6150 | 57 649 . . . 415 99 49 . 1262 969 654 . . . 1806 190 . Explosive 6658 | . 631 . . 247 . 84 . . . . 431 . 2592 1488 1185 . . Electromagnetic 100 | . . . . . . . . . . . 100 . . . . . . Impact . | . . . . . . . . . . . . . . . . . . Slashing 1227 | . . . . . . . . . . . . . 179 175 873 . . Piercing 137 | . . . . . . . . . . . 137 . . . . . . Highest Corruption 6 | . . . . . . . . . 2 3 3 3 3 1 5 5 6 Average Corruption 3 | . . . . . . . . . 1 3 3 3 1 1 2 5 5 Corruption Purged . | . . . . . . . . . . . . . . . . . . Corruption Blocked . | . . . . . . . . . . . . . . . . . . Effects 31 | . . . . . . . . . 3 5 4 3 . 3 . 4 9 Message Errors 8 | . . . . . . . . . 1 1 1 1 . . . 1 3 Matter Fused 10 | . . . . . . . . . . 3 1 1 . 1 . 2 2 Heat Flow Errors 3 | . . . . . . . . . 1 . 1 . . 1 . . . Energy Discharges 4 | . . . . . . . . . . . . 1 . 1 . . 2 Data Loss (major) 3 | . . . . . . . . . 1 . . . . . . 1 1 Alerts 2 | . . . . . . . . . . 1 . . . . . . 1 Weapon Failures 1 | . . . . . . . . . . . 1 . . . . . . Overload Shots . | . . . . . . . . . . . . . . . . . . Overflow Damage 574 | . 64 . . 61 . . . . . 32 64 . 113 75 165 . . Projectiles 110 | . . . . . . . . . . 32 25 . . . 53 . . Explosions 364 | . 64 . . 61 . . . . . . 32 . 113 75 19 . . Melee 100 | . . . . . . . . . . . 7 . . . 93 . . Knockbacks . | . . . . . . . . . . . . . . . . . . Impact . | . . . . . . . . . . . . . . . . . . Kinetic . | . . . . . . . . . . . . . . . . . . Secondary . | . . . . . . . . . . . . . . . . . . Self-Inflicted Damage 221 | . 145 . . . . . . . . . 34 . . . 42 . . Shots 7 | . 5 . . . . . . . . . 1 . . . 1 . . Rammed . | . . . . . . . . . . . . . . . . . . Targets Rammed 2 | . . . . . . . . . . . . . . . 2 . . Kicked 2 | . . . . . . . . . . . . . . . 2 . . Crushed . | . . . . . . . . . . . . . . . . . . Highest Temperature 690 | . 2 12 . . 198 120 20 . 118 464 690 202 . 157 . 16 . Average Temperature 152 | . 1 9 . . 130 40 10 . 70 121 252 142 . 85 . 6 . Received Heat Transfer 964 | . 30 . . . 153 9 9 . 12 144 72 369 42 . 124 . . Effects 23 | . . . . . . . . . . . 23 . . . . . . Shutdowns 5 | . . . . . . . . . . . 5 . . . . . . Energy Bleed 3 | . . . . . . . . . . . 3 . . . . . . Interference 5 | . . . . . . . . . . . 5 . . . . . . Matter Decay 4 | . . . . . . . . . . . 4 . . . . . . Short Circuit 2 | . . . . . . . . . . . 2 . . . . . . Damage (major) 3 | . . . . . . . . . . . 3 . . . . . . Damage (core) 1 | . . . . . . . . . . . 1 . . . . . . Siege Activations . | . . . . . . . . . . . . . . . . . . Robots Corrupted . | . . . . . . . . . . . . . . . . . . Combat Hostiles . | . . . . . . . . . . . . . . . . . . Parts Fried . | . . . . . . . . . . . . . . . . . . Impact Corruptions . | . . . . . . . . . . . . . . . . . . Robots Melted 11 | . . . . . . . . . 4 3 . . . . 4 . . Combat Hostiles 4 | . . . . . . . . . . 1 . . . . 3 . . Parts Melted 43 | . 1 . . . 4 . . . 13 7 . . . . 18 . . Heat Transferred 9172 | 125 500 . . . 814 185 148 . 1900 1450 1000 . . . 2750 300 . Parts Sabotaged . | . . . . . . . . . . . . . . . . . . Parts Stolen . | . . . . . . . . . . . . . . . . . . Parts Stripped . | . . . . . . . . . . . . . . . . . . Power Chain Reactions . | . . . . . . . . . . . . . . . . . . Alert | -11 -10 -10 -10 -9 -8 -8 -8 -8 -6 -5 -5 -5 -5 -4 -4 -4 -4 ------- Run | Yrd Mat Min Exi Min Mat Sto Rec Scr Fac Fac Upp Upp War Pro Fac Was Fac Peak Influence 941 | 10 495 136 . 108 121 169 216 . 248 527 . . . . 941 213 148 Initial 750 | . 6 101 . . 41 50 65 . . 31 . . . . 750 213 109 Average 235 | 2 222 104 . 28 67 90 116 . 82 274 . . . . 747 190 129 Maximum Alert Level 3 | . 2 . . . . . 1 . 1 2 . . . . 3 1 . Low Security (%) 57 | 100 32 100 . 100 100 100 79 . 85 37 . . . . . 41 100 Level 1 24 | . 65 . . . . . 20 . 14 40 . . . . . 58 . Level 2 7 | . 2 . . . . . . . . 22 . . . . 29 . . Level 3 9 | . . . . . . . . . . . . . . . 70 . . Level 4 . | . . . . . . . . . . . . . . . . . . Level 5 . | . . . . . . . . . . . . . . . . . . High Security . | . . . . . . . . . . . . . . . . . . Max Security . | . . . . . . . . . . . . . . . . . . Squads Dispatched 25 | . 2 . . . 2 2 . . 6 6 . . . . 6 . 1 Investigation 7 | . . . . . 1 1 . . . 3 . . . . 1 . 1 Extermination 5 | . . . . . . . . . 2 . . . . . 3 . . Reinforcement 10 | . 2 . . . 1 1 . . 3 1 . . . . 2 . . Assault 2 | . . . . . . . . . 1 1 . . . . . . . Garrison 1 | . . . . . . . . . . 1 . . . . . . . Intercept . | . . . . . . . . . . . . . . . . . . Searches Triggered 2 | . . . . . . . . . . . . . . . 2 . . Construction Impeded 1 | . . . . . . . . . 1 . . . . . . . . Haulers Reinforced . | . . . . . . . . . . . . . . . . . . Active Scanning Responses . | . . . . . . . . . . . . . . . . . . Cargo Convoy Interrupts . | . . . . . . . . . . . . . . . . . . Stealth | -11 -10 -10 -10 -9 -8 -8 -8 -8 -6 -5 -5 -5 -5 -4 -4 -4 -4 --------- Run | Yrd Mat Min Exi Min Mat Sto Rec Scr Fac Fac Upp Upp War Pro Fac Was Fac Distress Signals 5 | . 1 . . . . 1 1 . . . . . . . 2 . . Communications Jammed . | . . . . . . . . . . . . . . . . . . Distress Signals . | . . . . . . . . . . . . . . . . . . Times Spotted 151 | . 16 7 . 4 4 9 1 . 9 9 10 17 18 9 32 1 5 Peak Tracking Total 13 | . 4 7 . 4 3 5 1 . 3 3 4 9 13 6 7 1 5 Tactical Retreats 10 | . . . . . 1 2 . . . . 1 5 . . 1 . . Traps | -11 -10 -10 -10 -9 -8 -8 -8 -8 -6 -5 -5 -5 -5 -4 -4 -4 -4 ------- Run | Yrd Mat Min Exi Min Mat Sto Rec Scr Fac Fac Upp Upp War Pro Fac Was Fac Traps Triggered 11 | . . . . . . 3 . . 1 3 . . . . 2 . 2 Indirectly . | . . . . . . . . . . . . . . . . . . Trap Hack Attempts . | . . . . . . . . . . . . . . . . . . Triggered . | . . . . . . . . . . . . . . . . . . Disarmed . | . . . . . . . . . . . . . . . . . . Reprogrammed . | . . . . . . . . . . . . . . . . . . Reused . | . . . . . . . . . . . . . . . . . . Traps Extracted . | . . . . . . . . . . . . . . . . . . Installed . | . . . . . . . . . . . . . . . . . . Triggered 5 | . . . . . . . . . . . . . 5 . . . . Machines | -11 -10 -10 -10 -9 -8 -8 -8 -8 -6 -5 -5 -5 -5 -4 -4 -4 -4 ---------- Run | Yrd Mat Min Exi Min Mat Sto Rec Scr Fac Fac Upp Upp War Pro Fac Was Fac Machines Disabled 41 | . 11 . . . . . . . 3 12 . . 1 . 14 . . Max in Single Turn 8 | . 8 . . . . . . . 1 4 . . 1 . 4 . . Garrison Access 2 | . . . . . . . . . 1 1 . . . . . . . Machines Repaired . | . . . . . . . . . . . . . . . . . . Machines Dismantled . | . . . . . . . . . . . . . . . . . . Machines Sabotaged . | . . . . . . . . . . . . . . . . . . Overloaded Fab Kills . | . . . . . . . . . . . . . . . . . . Hacking | -11 -10 -10 -10 -9 -8 -8 -8 -8 -6 -5 -5 -5 -5 -4 -4 -4 -4 --------- Run | Yrd Mat Min Exi Min Mat Sto Rec Scr Fac Fac Upp Upp War Pro Fac Was Fac Machines Accessed 53 | . 7 . 2 . 2 3 10 . 7 15 . . 1 . 3 . 3 Terminals 33 | . 6 . . . 2 2 5 . 4 8 . . . . 3 . 3 Fabricators 4 | . . . . . . . . . 1 3 . . . . . . . Repair Stations 4 | . . . . . . 1 . . 1 2 . . . . . . . Recycling Units 6 | . 1 . . . . . 5 . . . . . . . . . . Scanalyzers 1 | . . . . . . . . . . 1 . . . . . . . Garrison Access 2 | . . . . . . . . . 1 1 . . . . . . . Total Hacks 153 | . 17 . 2 . 9 6 23 . 27 43 . . 1 . 13 . 12 Successful 73 | . 9 . 2 . 5 4 14 . 11 16 . . 1 . 7 . 4 Failed 80 | . 8 . . . 4 2 9 . 16 27 . . . . 6 . 8 Catastrophic 16 | . 2 . . . 1 . . . 2 8 . . . . 1 . 2 Database Lockouts . | . . . . . . . . . . . . . . . . . . Manual 116 | . 13 . 1 . 9 4 22 . 23 21 . . . . 11 . 12 Terminals 112 | . 14 . . . 9 4 18 . 19 23 . . . . 13 . 12 Fabricators 17 | . . . . . . . . . 5 12 . . . . . . . Repair Stations 9 | . . . . . . 2 . . 2 5 . . . . . . . Recycling Units 8 | . 3 . . . . . 5 . . . . . . . . . . Scanalyzers 2 | . . . . . . . . . . 2 . . . . . . . Garrison Access 2 | . . . . . . . . . 1 1 . . . . . . . Terminal Hacks 14 | . 1 . 2 . 1 1 2 . . 3 . . 1 . 3 . . Record 1 | . . . 1 . . . . . . . . . . . . . . Part Schematic 1 | . . . . . . . . . . 1 . . . . . . . Prototype ID Bank 1 | . . . . . . . 1 . . . . . . . . . . Open Door 2 | . . . . . . 1 . . . . . . 1 . . . . Branch Access Points 2 | . . . . . 1 . . . . 1 . . . . . . . Terminal Index 2 | . 1 . . . . . 1 . . . . . . . . . . Unreport Threat 2 | . . . . . . . . . . . . . . . 2 . . Locate Traps 2 | . . . . . . . . . . 1 . . . . 1 . . Derelict Proto ID Bank 1 | . . . 1 . . . . . . . . . . . . . . Fabricator Hacks 6 | . . . . . . . . . 1 5 . . . . . . . Network Status 3 | . . . . . . . . . 1 2 . . . . . . . Load Schematic 2 | . . . . . . . . . . 2 . . . . . . . Build 1 | . . . . . . . . . . 1 . . . . . . . Repair Station Hacks 5 | . . . . . . 2 . . 2 1 . . . . . . . Scan Component 3 | . . . . . . 1 . . 1 1 . . . . . . . Repair 2 | . . . . . . 1 . . 1 . . . . . . . . Recycling Unit Hacks . | . . . . . . . . . . . . . . . . . . Scanalyzer 1 | . . . . . . . . . . 1 . . . . . . . Insert Component 1 | . . . . . . . . . . 1 . . . . . . . Garrison Access Hacks . | . . . . . . . . . . . . . . . . . . Unauthorized Hacks 47 | . 8 . . . 4 1 12 . 8 6 . . . . 4 . 4 Terminals 38 | . 8 . . . 4 1 7 . 6 4 . . . . 4 . 4 Track 1 | . 1 . . . . . . . . . . . . . . . . Assimilate 1 | . . . . . . . . . 1 . . . . . . . . Botnet 14 | . 2 . . . 2 . 2 . 2 2 . . . . 2 . 2 Skim 22 | . 5 . . . 2 1 5 . 3 2 . . . . 2 . 2 Fabricators 4 | . . . . . . . . . 2 2 . . . . . . . Report 1 | . . . . . . . . . 1 . . . . . . . . Liberate 2 | . . . . . . . . . . 2 . . . . . . . Haulers 1 | . . . . . . . . . 1 . . . . . . . . Repair Stations . | . . . . . . . . . . . . . . . . . . Recycling Units 5 | . . . . . . . 5 . . . . . . . . . . Tunnel 5 | . . . . . . . 5 . . . . . . . . . . Scanalyzers . | . . . . . . . . . . . . . . . . . . Garrison Access . | . . . . . . . . . . . . . . . . . . Data Cores Recovered . | . . . . . . . . . . . . . . . . . . Used . | . . . . . . . . . . . . . . . . . . Hacking Detections 42 | . 7 . . . 2 2 5 . 5 15 . . . . 3 . 3 Full Trace Events 5 | . . . . . 1 . . . . 2 . . . . 1 . 1 Feedback Events 1 | . . . . . . . . . . . . . . . . . 1 Corruption 1 | . . . . . . . . . . . . . . . . . 1 Feedback Blocked . | . . . . . . . . . . . . . . . . . . Robot Schematics Acquired . | . . . . . . . . . . . . . . . . . . Robots Built . | . . . . . . . . . . . . . . . . . . Authchips . | . . . . . . . . . . . . . . . . . . Time . | . . . . . . . . . . . . . . . . . . Total Robot Build Rating . | . . . . . . . . . . . . . . . . . . Part Schematics Acquired 1 | . . . . . . . . . . 1 . . . . . . . Parts Built . | . . . . . . . . . . . . . . . . . . Authchips . | . . . . . . . . . . . . . . . . . . Time 117 | . . . . . . . . . . 117 . . . . . . . Total Part Build Rating . | . . . . . . . . . . . . . . . . . . Parts Repaired 2 | . . . . . . 1 . . 1 . . . . . . . . Time 76 | . . . . . . 26 . . 50 . . . . . . . . Parts Recycled . | . . . . . . . . . . . . . . . . . . Recycled Matter . | . . . . . . . . . . . . . . . . . . Retrieved Matter . | . . . . . . . . . . . . . . . . . . Retrieved Components . | . . . . . . . . . . . . . . . . . . Parts Scanalyzed . | . . . . . . . . . . . . . . . . . . Part Schematics Acquired . | . . . . . . . . . . . . . . . . . . Parts Damaged . | . . . . . . . . . . . . . . . . . . Bothacking | -11 -10 -10 -10 -9 -8 -8 -8 -8 -6 -5 -5 -5 -5 -4 -4 -4 -4 ------------ Run | Yrd Mat Min Exi Min Mat Sto Rec Scr Fac Fac Upp Upp War Pro Fac Was Fac Used RIF Installer . | . . . . . . . . . . . . . . . . . . Robots Hacked . | . . . . . . . . . . . . . . . . . . Non-combat . | . . . . . . . . . . . . . . . . . . Combat . | . . . . . . . . . . . . . . . . . . Robot Hacks Applied . | . . . . . . . . . . . . . . . . . . Relay Couplers Released 2 | . . . . . . . . . . 2 . . . . . . . Machine Destruction 2 | . . . . . . . . . . 2 . . . . . . . Fabnet Peak Effective % . | . . . . . . . . . . . . . . . . . . Robots Rewired 8 | . . . . . . . 6 . 1 . . . . 1 . . . Allies Hacked 1 | . . . . . . . . . 1 . . . . . . . . Hacks Repelled . | . . . . . . . . . . . . . . . . . . Allies | -11 -10 -10 -10 -9 -8 -8 -8 -8 -6 -5 -5 -5 -5 -4 -4 -4 -4 -------- Run | Yrd Mat Min Exi Min Mat Sto Rec Scr Fac Fac Upp Upp War Pro Fac Was Fac Total Allies 14 | . . 3 . . . . 6 . 2 2 . . . 1 . . . Largest Group 6 | . . 3 1 1 . . 6 2 3 2 . . . 1 . . . Highest-Rated Group 108 | . . 40 8 8 . . 91 32 61 108 . . . 29 . . . Highest-Rated Ally 54 | . . 16 8 8 . . 34 16 29 54 . . . 29 . . . Total Orders . | . . . . . . . . . . . . . . . . . . Ally Attacks 48 | . . 29 . 2 . . 6 . 8 2 . . . 1 . . . Total Damage 513 | . . 230 . 12 . . 73 . 100 98 . . . . . . . Kills 5 | . . 4 . . . . 1 . . . . . . . . . . Allies Corrupted 1 | . . . . . . . . . 1 . . . . . . . . Allies Melted 2 | . . . . . . . 1 . . . . . 1 . . . . Intel | -11 -10 -10 -10 -9 -8 -8 -8 -8 -6 -5 -5 -5 -5 -4 -4 -4 -4 ------- Run | Yrd Mat Min Exi Min Mat Sto Rec Scr Fac Fac Upp Upp War Pro Fac Was Fac Robot Analysis Total . | . . . . . . . . . . . . . . . . . . Derelict Logs Recovered 5 | . . . . 1 . . . . . . 1 2 . 1 . . . Drone Launches . | . . . . . . . . . . . . . . . . . . Drone Recoveries . | . . . . . . . . . . . . . . . . . . Exploration | -11 -10 -10 -10 -9 -8 -8 -8 -8 -6 -5 -5 -5 -5 -4 -4 -4 -4 ------------- Run | Yrd Mat Min Exi Min Mat Sto Rec Scr Fac Fac Upp Upp War Pro Fac Was Fac Turns Passed 9190 | 115 1455 265 443 606 333 194 532 847 545 800 446 190 657 401 871 155 335 Spaces Moved 7393 | 56 459 155 276 370 177 102 296 556 652 1404 467 389 681 347 495 152 359 Core 432 | 5 . . . . . . . . . . 76 135 114 . . 93 9 Treads 2332 | 51 459 155 276 370 113 56 296 556 . . . . . . . . . Legs 1066 | . . . . . . . . . . . . . 165 347 495 59 . Wheels 110 | . . . . . 64 46 . . . . . . . . . . . Hover 2849 | . . . . . . . . . 652 1404 391 . 402 . . . . Flight 604 | . . . . . . . . . . . . 254 . . . . 350 Fastest Speed 30 | 50 160 160 160 160 90 90 151 151 48 36 42 45 50 110 105 50 30 Average Speed 91 | 156 160 160 160 160 135 124 151 151 49 39 49 46 81 110 109 75 30 Slowest Speed 250 | 160 160 160 160 160 160 157 151 151 112 44 250 50 156 110 170 250 50 Overloaded Moves . | . . . . . . . . . . . . . . . . . . Propulsion Burnouts . | . . . . . . . . . . . . . . . . . . Robots Hopped 7 | . . . . . . . . . . . . . . . . . 7 Cave-ins Triggered . | . . . . . . . . . . . . . . . . . . Exploration Rate (%) 50 | 6 94 49 69 87 13 26 51 55 25 48 69 66 78 54 17 87 13 Regions Visited 17 Branch Regions 10 Pre-discovered Areas 11 | . 2 . 1 1 . . 7 . . . . . . . . . . Known Exits Taken 8 | . . . 1 . 1 1 1 1 . 1 1 1 . . . . . Unknown Exits Taken 7 | 1 1 1 . 1 . . . . 1 . . . 1 1 . . . Scrap Searched 14 | . . . . 2 . . . 4 . . 2 5 . 1 . . . Spaces Dug 161 | . . . . . . . . . 3 106 . . . 8 44 . . Terrain Destroyed 622 | . 140 . . 20 . 4 1 . 13 121 68 . 42 75 136 2 . Melee 5 | . . . . . . . . . . . . . . . 5 . . Projectile 119 | . . . . . . . 1 . 13 53 16 . 1 2 31 2 . AOE 498 | . 140 . . 20 . 4 . . . 68 52 . 41 73 100 . . Terrain Rammed . | . . . . . . . . . . . . . . . . . . Walls Destroyed . | . . . . . . . . . . . . . . . . . . Machines Disabled . | . . . . . . . . . . . . . . . . . . Actions | -11 -10 -10 -10 -9 -8 -8 -8 -8 -6 -5 -5 -5 -5 -4 -4 -4 -4 --------- Run | Yrd Mat Min Exi Min Mat Sto Rec Scr Fac Fac Upp Upp War Pro Fac Was Fac Total 9364 | 70 1149 164 279 382 234 154 378 566 818 1577 614 394 781 358 688 185 573 Wait 1273 | 1 634 5 . . 21 30 28 . 67 67 91 . 32 . 79 13 205 Move 7363 | 55 458 154 275 369 176 101 295 555 651 1403 466 388 680 346 495 151 345 Hop 7 | . . . . . . . . . . . . . . . . . 7 Pick Up 67 | 1 16 . 2 3 2 . . 6 7 11 1 . 5 1 5 6 1 Fast Attach 87 | 7 2 . . . 5 11 1 . 6 9 . 5 22 1 6 1 11 Attach 30 | . . . . . 4 . . . 7 5 5 1 3 1 4 . . Detach 15 | . . . . . 1 1 1 . . 4 2 . 3 . 2 . 1 Swap 28 | 1 4 . . 2 1 1 1 . 4 9 . . 2 . 3 . . Drop 117 | . 7 . 2 4 6 4 1 5 18 20 9 . 29 1 3 5 3 Fire 288 | 5 28 5 . 4 18 6 3 . 56 49 26 . 5 6 69 8 . Melee 35 | . . . . . . . . . . . 14 . . 1 20 . . Ram . | . . . . . . . . . . . . . . . . . . Kick 2 | . . . . . . . . . . . . . . . 2 . . Crush . | . . . . . . . . . . . . . . . . . . Escape Stasis . | . . . . . . . . . . . . . . . . . . Rewire 52 | . . . . . . . 48 . 2 . . . . 1 . 1 . Trap . | . . . . . . . . . . . . . . . . . . Miscellaneous . | . . . . . . . . . . . . . . . . . . Route ------- -11/Scrapyard -10/Materials (discovered 6 exits: [*Mat x3] / [*Min x2] / Sub) -10/Mines (discovered 2 exits: [*Mat] / *Exi) -10/Exiles (discovered 2 exits: *Min x2) -9/Mines -8/Materials (discovered 3 exits: Fac / *Sto x2) -8/Storage -8/Recycling (discovered 2 exits: Fac / *Scr) -8/Scraptown -6/Factory -5/Factory (discovered 5 exits: *Fac / *Upp x2 / *Ext x2) -5/Upper Caves -5/Upper Caves -5/Warlord -4/Proximity Caves -4/Factory (discovered 3 exits: *Res x2 / Upp) -4/Waste -4/Factory History --------- Turn | Location | Event 17 | -11/Scrapyard | Discovered new exit (range 15) 116 | -11/Scrapyard | Entered Materials 313 | -10/Materials | Build established: Mutant 322 | -10/Materials | Discovered new exit (range 11) 498 | -10/Materials | Discovered new exit (range 16) 849 | -10/Materials | Discovered new exit (range 5) 993 | -10/Materials | Discovered new exit (range 16) 1059 | -10/Materials | Discovered new exit (range 10) 1213 | -10/Materials | Learned Storage machine intel 1333 | -10/Materials | Learned location of Mines (-10) 1377 | -10/Materials | Learned 2 Mines zone layouts 1413 | -10/Materials | Identified exit to Subcaves 1413 | -10/Materials | Learned location of 1 exit from Materials 1557 | -10/Materials | Learned location of 1 exit from Storage 1571 | -10/Materials | Entered Mines 1572 | -10/Mines | Assembled infested the area 1579 | -10/Mines | Assisted by bots powering up and referring to "LRC-V3" 1607 | -10/Mines | Discovered new exit (range 5) 1829 | -10/Mines | Deemed a non-threat by the Exiles lab entrance 1829 | -10/Mines | Discovered new exit (range 5) 1836 | -10/Mines | Entered Exiles 1836 | -10/Exiles | Accompanied by 1 ally 1837 | -10/Exiles | Identified exit to Mines 1880 | -10/Exiles | Met 8R-AWN 1902 | -10/Exiles | Met EX-HEX 1955 | -10/Exiles | Met EX-BIN 1972 | -10/Exiles | Aligned with FarCom system 1974 | -10/Exiles | Given EX-Vault access code 2011 | -10/Exiles | Opened EX-Vault 2019 | -10/Exiles | Found 0b10 Alert Chip 2052 | -10/Exiles | Warned to stay clear of 0b10 Research branches 2097 | -10/Exiles | Met EX-DEC 2107 | -10/Exiles | Learned location of Zion (-6) 2279 | -10/Exiles | Left Exiles lab with 0b10 Alert Chip 2279 | -10/Exiles | Entered Mines 2279 | -9/Mines | Accompanied by 1 ally 2318 | -9/Mines | Met a Derelict bent on vengeance 2778 | -9/Mines | Learned location of Recycling (-8) 2877 | -9/Mines | Discovered new exit (range 6) 2885 | -9/Mines | Entered Materials 2885 | -8/Materials | Evolved 4 slots: Propulsion x2, Utility x2 2886 | -8/Materials | Identified exit to Factory 3188 | -8/Materials | Discovered new exit (range 10) 3192 | -8/Materials | Identified exit to Storage 3218 | -8/Materials | Entered Storage 3219 | -8/Storage | Identified exit to Recycling 3220 | -8/Storage | Loaded intel: 52 machine locations 3273 | -8/Storage | Repaired Beam Cannon 3290 | -8/Storage | Met 01-MTF 3406 | -8/Storage | Used back door to open Recycling access 3412 | -8/Storage | Entered Recycling 3412 | -8/Recycling | Accompanied by 1 ally (01-MTF) 3704 | -8/Recycling | Identified exit to Scraptown 3704 | -8/Recycling | Identified exit to Factory 3790 | -8/Recycling | Scanned before Scraplab entrance 3842 | -8/Recycling | Build established: Commander-Mutant 3852 | -8/Recycling | Learned Storage security intel 3857 | -8/Recycling | Entered Scraplab 3904 | -8/Recycling | Lost 5 allies 3944 | -8/Recycling | Entered Scraptown 3944 | -8/Scraptown | Accompanied by 2 allies 4155 | -8/Scraptown | Build established: Mutant 4182 | -8/Scraptown | Discovered exit to Factory (range 13) 4298 | -8/Scraptown | Visited Spacefarers 4310 | -8/Scraptown | Visited Symbiants 4400 | -8/Scraptown | Visited IN-MT5's Study 4414 | -8/Scraptown | Visited CPS Storage 4448 | -8/Scraptown | Visited SPCMW 4481 | -8/Scraptown | Visited TADAMA 4503 | -8/Scraptown | Visited Shadow of the Wyrm 4527 | -8/Scraptown | Turned away by UFD registrar 4791 | -8/Scraptown | Entered Factory 4791 | -6/Factory | Accompanied by 2 allies 4791 | -6/Factory | Evolved 4 slots: Power x1, Utility x3 5274 | -6/Factory | Repaired Phase Cannon 5310 | -6/Factory | Discovered new exit (range 15) 5336 | -6/Factory | Entered another Factory area 5336 | -5/Factory | Evolved 2 slots: Propulsion x2 5337 | -5/Factory | Identified exit to Extension 5485 | -5/Factory | Build established: Scavenger-Mutant 5818 | -5/Factory | Found Prototype Launcher 5818 | -5/Factory | Identified Tesla Bomb Launcher 5953 | -5/Factory | Build established: Mutant 5967 | -5/Factory | Identified exit to Upper Caves 5984 | -5/Factory | Discovered new exit (range 5) 6123 | -5/Factory | Garrison activated, responded to threat 6136 | -5/Factory | Entered Upper Caves 6289 | -5/Upper Caves | Attracted the attention of an 0b10 checkpoint 6402 | -5/Upper Caves | Lost 4 parts (2n1u1w) 6539 | -5/Upper Caves | Core integrity fell below 50% 6579 | -5/Upper Caves | Discovered new exit (range 8) 6582 | -5/Upper Caves | Identified exit to Upper Caves 6582 | -5/Upper Caves | Entered another Upper Caves area 6583 | -5/Upper Caves | Identified exit to Warlord 6608 | -5/Upper Caves | Learned location of 1 exit from Factory 6649 | -5/Upper Caves | Encountered a Warlord checkpoint 6747 | -5/Upper Caves | Attracted the attention of an 0b10 checkpoint 6768 | -5/Upper Caves | Spotted B-75 Beast 6772 | -5/Upper Caves | Entered Warlord 6790 | -5/Warlord | System corruption cleaned by Quarantine Array 6799 | -5/Warlord | Lost 5 parts (3n1u1w) 6907 | -5/Warlord | Met Warlord 6932 | -5/Warlord | Warlord's base attacked by MAIN.C 7006 | -5/Warlord | Found Prototype Special Weapon 7006 | -5/Warlord | Identified RU-N14's Throwing Claymores v3 7011 | -5/Warlord | Found RU-N14's Throwing Claymores v3 7013 | -5/Warlord | Found RU-N14's Throwing Claymores v3 7015 | -5/Warlord | Found RU-N14's Throwing Claymores v3 7016 | -5/Warlord | Found RU-N14's Throwing Claymores v3 7019 | -5/Warlord | Found RU-N14's Throwing Claymores v3 7098 | -5/Warlord | Found Prototype Energy Cannon 7098 | -5/Warlord | Identified Vortex Driver 7222 | -5/Warlord | Found Prototype Reactor 7222 | -5/Warlord | Identified Vortex Chain Reactor 7241 | -5/Warlord | Found Prototype Device 7241 | -5/Warlord | Identified Thermal Barrier 7246 | -5/Warlord | Found Prototype Hackware 7246 | -5/Warlord | Identified System Mapper 7282 | -5/Warlord | Warlord forces counterattacked 7357 | -5/Warlord | Lost 4 allies 7368 | -5/Warlord | Spotted Striker 7370 | -5/Warlord | Destroyed Striker 7395 | -5/Warlord | Destroyed 10 combat bots 7414 | -5/Warlord | Discovered new exit (range 15) 7429 | -5/Warlord | Entered Proximity Caves 7470 | -4/Proximity Caves | Spotter reported a threat 7530 | -4/Proximity Caves | Learned Research emergency access door positions 7540 | -4/Proximity Caves | Spotter reported a threat 7591 | -4/Proximity Caves | Attacked by a faux Warlord 7613 | -4/Proximity Caves | Spotter reported a threat 7630 | -4/Proximity Caves | Build established: Scavenger-Mutant 7679 | -4/Proximity Caves | Spotter reported a threat 7732 | -4/Proximity Caves | Spotter reported a threat 7820 | -4/Proximity Caves | Discovered new exit (range 9) 7830 | -4/Proximity Caves | Entered Factory 7830 | -4/Factory | Evolved 2 slots: Utility x2 7831 | -4/Factory | Identified exit to Upper Caves 7832 | -4/Factory | Identified exit to Research 8121 | -4/Factory | Search patrols dispatched 8370 | -4/Factory | Search patrols dispatched 8632 | -4/Factory | Discovered exit to Research (range 13) 8701 | -4/Factory | Sucked down chute 8701 | -4/Factory | Entered Waste 8701 | -4/Waste | The area was eerily silent 8731 | -4/Waste | Lost 3 parts (1p2u) 8761 | -4/Waste | A Compactor rumbled back to life 8773 | -4/Waste | Spotted C-40 Crusher 8776 | -4/Waste | Crushed by Compactor (1 part destroyed, 2 dropped) 8779 | -4/Waste | Build established: Hacker-Mutant 8792 | -4/Waste | Crushed by Compactor (1 part destroyed, 1 dropped) 8797 | -4/Waste | Crushed by Compactor (1 part destroyed, 2 dropped) 8801 | -4/Waste | Crushed by Compactor (1 part destroyed, 2 dropped) 8804 | -4/Waste | Crushed by Compactor (1 part destroyed, 1 dropped) 8835 | -4/Waste | Lost 6 parts (2n2u2w) 8843 | -4/Waste | Discovered new exit (range 11) 8856 | -4/Waste | Entered Factory 8872 | -4/Factory | Found Quantum Capacitor 9191 | -4/Factory | Self-destructed Last Messages --------------- 09049_ System corrupted: IFF burst signal emitted. 09057_ Triggered Segregator Trap. 09057_ Arcs of energy rise from the floor. 09057_ Diametric Drive blown off. 09057_ Imp. Reaction Control System blown off. 09058_ Acquired Diametric Drive. 09059_ Triggered Segregator Trap. 09059_ Arcs of energy rise from the floor. 09059_ Graphene Brace blown off. 09059_ Diametric Drive blown off. 09060_ Acquired Imp. Reaction Control System. 09062_ Acquired Diametric Drive. 09064_ Acquired Graphene Brace. 09064_ U-05 Engineer lays Concrete. 09070_ K-01 Serf collects debris. 09072_ Acquired System Shield. 09082_ System corrupted: Matter fused (-7). 09082_ ALERT: Security rotation in progress. 09099_ System corrupted: Energy discharge (-25). Map ----- +----------------------------------------------------+ | ?????????????????????????????????????????????????? | | ?????????????????????????????????????????????????? | | ?????????????????????????????????????????????????? | | ?????????????????????????????????????????????????? | | ?????????????????????????????????????????????????? | | ?????????????????????????????????????????????????? | | ?????????????????????????????????????????????????? | | ?????????????????????????????????????????????????? | | ?????????????????????sss?????????????????????????? | | ?????????????????????????????????????????????????? | | ???????????????????????s?????????????????????????? | | ?????????????????????????????????????????????????? | | ?????????????????????????????????????????????????? | | ??????????????????????###########??????????????### | | ??????????????????????? #??????????????# | | ??????????????????????""""" #??????????????# | | ??????????????????????""""" #??????????????# | | ?????????????????????"""""" #??????????????# | | ???????????????????# """""" #??????????????# | | ???????????????????# #??????????????# | | ???????????????????# """""" #??????????????# | | ???????????????????# """""" #??????????????# | | ???????????????????# """""" #??????????????# | | ???????????????????# """""" #??????????????? | | ???????????????????# #????????????????? | | ???????????????????# @ #????????????????? | | ????????????##############/########+############## | | ??????????? k | | ??????????? | | ???????????s | | ??????????s | | ?????????s? gg | | ?????????s? g b | | ??????????? w | | ???????????? #############+########/###### # | | ???????????????????????? ????# ## # | | ?????????????????????? ??# """ ## # | | ????????????????????# # "T" ## # | | ????????????????????# # ## # | | ????????????????????# # + # | | ????????????????????# # ## # | | ????????????????????# # ## # | | ????????????????????# # ## # | | ????????????????????# # """" ## # | | ????????????????????# # """" ## # | | ????????????????????# # """" ## | | ????????????????????# # """" ## # | | ???????????????????############### ## # | | ??????????????????? #???# ! + # | | ?????????????????# """ ############ # | +----------------------------------------------------+ Best States ------------- Heat Dissipation 93 Coolant Potential 50 Energy Generation 55 Energy Capacity 700 Matter Stores 300 Matter Capacity 300 Sight Range 16 Terrain Scan Density 10 Base Temperature (-) 100 Armor Coverage 225 Resistance: TH 50 Weapon Cycling 20 Evasion (%) 74 Target Analysis 8 Recoil Reduction 4 Offensive Hacking 20 Defensive Hacking 20 Item Schematics ----------------- Adv. Reaction Control System | -5/Factory | Hacked Robot Schematics ------------------ None Fabricated ------------ Nothing Alien Tech Used ----------------- None Achievements -------------- None Challenges ------------ None Game ------ Seed BiocellGatlingScanner Manual? 0 Play Time 01:33:39 Cumulative 351.2 hours Start 2024.09.11 @ 20:39:30 End 2024.09.12 @ 18:24:04 Sessions 3 Manual Loads 0 Difficulty Rogue Special Mode None Game No. 357 Rogue 352 Adventurer 5 Explorer 0 Win Type - Total 5 Types 4/0/0/1/0/0/0/0/0 Lore% 78 Gallery% 83 Achievement% 68 Wizard Run 0 Options --------- Layout 1 ASCII 0 Keyboard 0 Movement Arrows Keybinds 0 Fullscreen 1 Font 24/Terminus Map View 50x35 Zoom Use 0% Tactical HUD 1 Map Filters NONE Filters NONE Steam 1 RUN: 6144ff9d-39c9-443f-8a18-e5f465a0d945